 Dungeon Crawl Stone Soup version 0.22-a0-135-g6f012ad (webtiles) character file.

35 sankara the Chucker (level 3, 0/30 HPs)
             Began as a Minotaur Hunter on Feb 1, 2018.
             Succumbed to an adder's poison
             ... on level 2 of the Dungeon.
             The game lasted 00:03:22 (1089 turns).

sankara the Chucker (Minotaur Hunter)               Turns: 1089, Time: 00:03:23

Health: 0/30       AC:  3    Str: 16    XL:     3   Next: 17%
Magic:  2/2        EV: 11    Int:  8    God:
Gold:   118        SH:  4    Dex: 11    Spells: 2/2 levels left

rFire    . . .     SeeInvis .   a - +0 short sword
rCold    . . .     Gourm    .   h - +0 buckler
rNeg     . . .     Faith    .   b - +0 leather armour
rPois    .         Spirit   .   (helmet restricted)
rElec    .         Reflect  .   (no cloak)
rCorr    .         Harm     .   (no gloves)
MR       .....                  (no boots)
Stlth    +.........             (no amulet)
HPRegen  0.10/turn              (no ring)
MPRegen  0.08/turn              (no ring)

@: lethally poisoned (0 -> -4)
A: retaliatory headbutt, beak, horns 2, blurry vision 1
a: no special abilities


You were on level 2 of the Dungeon.
You were not hungry.

You visited 1 branch of the dungeon, and saw 2 of its levels.

You collected 118 gold pieces.

Inventory:

Hand Weapons
 a - a +0 short sword (weapon)
Missiles
 c - 6 javelins (quivered)
 d - 4 throwing nets
 i - 21 sling bullets
 k - 60 stones
 l - 19 poisoned needles
Armour
 b - a +0 leather armour (worn)
 h - a +0 buckler (worn)
Scrolls
 e - 3 scrolls of remove curse {unknown}
 m - a scroll of fog {unknown}
 n - 3 scrolls of enchant armour {unknown}
Potions
 j - a potion of mutation
 o - a potion of resistance {unknown}
Comestibles
 f - 3 rations
 g - 2 chunks of flesh


   Skills:
 - Level 2.4 Fighting
 + Level 4.7 Throwing
 - Level 2.1 Dodging
 - Level 1.0 Stealth
 + Level 1.8 Shields


You had 2 spell levels left.
You didn't know any spells.

Dungeon Overview and Level Annotations

Branches:
Dungeon (2/15)

Altars:


Innate Abilities, Weirdness & Mutations

You reflexively headbutt those who attack you in melee.
You have a pair of horns on your head.
You have a beak for a mouth.
Scrolls take you a little longer to read.


Message History

You feel sick. The adder bites you.
* * * LOW HITPOINT WARNING * * *
You hit the adder but do no damage.
The adder is almost dead.
* * * LOW HITPOINT WARNING * * *
You feel sick. The adder bites you.
* * * LOW HITPOINT WARNING * * *
You block the adder's attack.
You hit the adder.
You kill the adder!
You have reached level 3!
Your experience leads to an increase in your attributes!
Increase (S)trength, (I)ntelligence, or (D)exterity?
You feel agile.
Sorry, you're not good enough to have a special ability.
Unknown command.
It was a potion of mutation.
You feel extremely strange.
Your vision blurs.
Your mouth lengthens and hardens into a beak!
You die...

#.#.#.#
#.#.#.#####
##.#.#.#...##+# #
...............#.)
..................
#+#+#.#.##.....#.
.....#+##.....#
........#$....#
........@.....#
.#.#..!!#.....#
#....#........
#.......###...
#.....### ...
#...### ## #...
#..# #..


There were no monsters in sight!

Vanquished Creatures
  An adder (D:2)
  An ooze (D:1)
  3 hobgoblins (D:1)
  3 jackals (D:1)
  2 kobolds (D:1)
  4 bats (D:1)
  4 frilled lizards (D:1)
  2 goblins (D:1)
  2 rats
22 creatures vanquished.

Notes
Turn   | Place    | Note
-------+----------+-------------------------------------------
     0 | D:1      | sankara the Minotaur Hunter began the quest for the Orb.
     0 | D:1      | Reached XP level 1. HP: 18/18 MP: 0/0
   122 | D:1      | Reached skill level 1 in Stealth
   474 | D:1      | Reached XP level 2. HP: 21/25 MP: 1/1
   636 | D:1      | Reached skill level 1 in Shields
  1087 | D:2      | HP: 1/25 [adder (4)]
  1088 | D:2      | Reached XP level 3. HP: 1/30 MP: 2/2
  1089 | D:2      | Gained mutation: Scrolls take you a little longer to read. [potion of mutation]
  1089 | D:2      | Gained mutation: You have a beak for a mouth. [potion of mutation]
  1089 | D:2      | Succumbed to an adder's poison

Vault maps used:
D:1:      dpeg_arrival_renting
D:2:      kennysheep_ying_yang, minmay_misc_feat_iff

Skill      XL: |  1  2 |
---------------+-------+-----
Stealth        | 1 |  1.0
Shields        | 1 |  1.8
Fighting       | |  2.4
Throwing       | |  4.7
Dodging        | |  2.1

Action                   || total
-------------------------++-------
Melee: Short sword       ||    60
       Headbutt          ||     7
  Use: Potion            ||     1
  Eat: Chunk             ||     1
Armor: Leather armour    ||     7
Dodge: Dodged            ||    44
Block: Buckler           ||     6

Table legend:
 A = Spawn XP
 B = Non-spawn XP
 C = Spawn XP percentage of total XP
 D = Spawn monster count
 E = Non-spawn monster count
 F = Spawn count percentage of total count
 G = Total turns spent on level
                    A         B        C        D         E        F      G
               +---------+---------+-------+---------+---------+-------+---------
         Total |       0 |      51 |   0.0 |       0 |      22 |   0.0 |  1089
               +---------+---------+-------+---------+---------+-------+---------
           D:1 |       0 |      37 |   0.0 |       0 |      20 |   0.0 |  1061
           D:2 |       0 |      14 |   0.0 |       0 |       2 |   0.0 |    28
               +---------+---------+-------+---------+---------+-------+---------
